Map: Fortitude LE

Players

BurntSoap - Winner!

  • Race: Protoss Protoss
  • Spawn Location: 5:00

mure - Winner!

  • Race: Terran Terran
  • Spawn Location: 5:00

CloudIII - Winner!

  • Race: Terran Terran
  • Spawn Location: 5:00

Ozzdar - Winner!

  • Race: Terran Terran
  • Spawn Location: 5:00

derpy

  • Race: Terran Terran
  • Spawn Location: 11:00

soursop

  • Race: Protoss Protoss
  • League: Silver
  • Spawn Location: 11:00

MVorkosigan

  • Race: Zerg Zerg
  • League: Bronze
  • Spawn Location: 11:00

Anivool

  • Race: Terran Terran
  • League: Silver
  • Spawn Location: 11:00

VOD

Have the link to the VOD?

Description

One of more massive of cluster fucks ive ever played... Players would not leave

Time

  • Played on: June 17, 2020, 6:49 a.m.
  • Length: 29:37
Show
View Real Time Build Order
Export as new Build Order

BurntSoap Protoss - Winner!

Build Orders: 1 Gate Expand, Phoenix Opening, Mass Phoenix 

Get SALT Encoding   

  12  0:02  Probe  
  13  0:18  Pylon  
  13  0:21  Probe  
  14  0:35  Probe  
  15  0:47  Probe  
  15  0:48  Gateway  
  16  0:58  Assimilator  
  16  0:59  Probe  
  18  1:11  Probe  
  18  1:27  Nexus  
  18  1:29  Probe  
  19  1:41  Probe  
  19  1:45  Assimilator  
  20  1:58  Cybernetics Core  
  20  2:05  Pylon  
  20  2:06  Probe  
  21  2:14  Probe  
  22  2:23  Probe  
  23  2:32  Probe  
  24  2:37  Stargate  
  24  2:38  Probe  
  24  2:40  Probe  
  25  2:46  Probe, Assimilator  
  25  2:48  Probe  
  27  2:52  Assimilator  
  27  2:55  Probe  
  29  3:11  Stargate  
  29  3:15  Probe  
  29  3:16  Probe  
  31  3:23  Probe  
  31  3:24  Probe  
  31  3:29  Phoenix  
  31  3:33  Probe  
  31  3:34  Probe  
  35  3:35  Pylon  
  37  3:45  Probe x2  
  39  3:53  Probe  
  39  3:57  Probe  
  39  3:58  Protoss Air Weapons Level 1  
  39  4:00  Phoenix  
  43  4:04  Probe  
  43  4:09  Phoenix  
  46  4:13  Probe  
  46  4:16  Probe  
  48  4:25  Probe  
  48  4:28  Probe  
  50  4:37  Probe, Phoenix  
  53  4:40  Probe  
  54  4:48  Pylon x2  
  54  4:51  Stargate  
  54  5:00  Pylon  
  54  5:06  Probe x2, Phoenix  
  58  5:10  Phoenix  
  60  5:31  Fleet Beacon, Phoenix  
  60  5:35  Phoenix  
  64  5:59  Phoenix x2  
  68  6:14  Anion Pulse-Crystals  
  68  6:16  Phoenix  
  70  6:24  Phoenix  
  68  6:31  Probe x2  
  68  6:32  Phoenix  
  72  6:41  Phoenix  
  72  6:43  Probe  
  75  6:53  Pylon  
  75  7:00  Nexus  
  75  7:02  Pylon  
  75  7:03  Phoenix  
  75  7:04  Pylon  
  75  7:07  Assimilator  
  77  7:11  Pylon, Phoenix x2  
  77  7:12  Pylon, Assimilator  
  77  7:13  Pylon  
  79  7:51  Phoenix x3  
  85  8:02  Probe x2  
  87  8:14  Probe x2  
  87  8:29  Probe, Phoenix x2  
  87  8:30  Phoenix  
  87  8:31  Probe  
  87  8:32  Probe  
  96  8:37  Probe, Forge  
  96  8:43  Probe  
  98  8:58  Phoenix x3  
  96  9:23  Phoenix x3  
  100  9:48  Phoenix  
  100  9:51  Phoenix x2  
  106  10:08  Probe x3  
  106  10:13  Phoenix  
  111  10:14  Stargate  
  111  10:16  Phoenix x2, Protoss Air Weapons Level 2  
  111  10:18  Stargate  
  111  10:20  Probe  
  108  11:04  Phoenix x3  
  112  11:15  Phoenix x2  
  112  11:17  Probe x2  
  112  11:18  Probe  
  119  11:23  Photon Cannon  
  119  11:25  Photon Cannon  
  119  11:27  Photon Cannon  
  119  11:29  Probe x2, Phoenix  
  119  11:30  Photon Cannon  
  119  11:42  Phoenix  
  119  11:43  Phoenix x3  
  127  11:53  Phoenix  
  129  12:07  Phoenix  
  129  12:08  Phoenix  
  133  12:11  Nexus  
  133  12:13  Pylon  
  133  12:15  Pylon  
  133  12:18  Assimilator  
  133  12:23  Assimilator  
  133  12:29  Nexus  
  133  12:31  Probe x2, Phoenix x3  
  133  12:32  Phoenix  
  133  12:33  Probe, Assimilator  
  134  12:37  Assimilator  
  134  12:39  Pylon  
  134  12:43  Probe x2, Pylon  
  136  12:45  Probe, Pylon, Phoenix  
  139  12:56  Phoenix x3  
  137  13:47  Phoenix x5  
  147  13:53  Shield Battery  
  147  13:54  Shield Battery  
  145  14:29  Nexus  
  145  14:30  Pylon  
  145  14:33  Pylon  
  145  14:35  Pylon, Phoenix x2  
  145  14:36  Phoenix  
  145  14:37  Phoenix x2, Assimilator  
  117  15:06  Phoenix  
  115  15:07  Phoenix x3  
  113  16:06  Void Ray  
  113  16:07  Phoenix  
  113  16:08  Phoenix x3  
  111  16:24  Probe x3  
  112  16:29  Phoenix x4  
  112  16:34  Photon Cannon  
  112  16:36  Probe x2  
  112  16:37  Photon Cannon  
  112  16:39  Photon Cannon  
  122  16:41  Phoenix  
  122  16:42  Photon Cannon  
  122  16:43  Shield Battery  
  122  16:46  Shield Battery  
  122  16:47  Phoenix  
  122  16:48  Phoenix x3  
  122  16:49  Shield Battery  
  122  16:53  Pylon  
  131  17:27  Phoenix x2  
  131  17:28  Phoenix x3  
  141  17:32  Nexus  
  141  17:52  Phoenix x2  
  141  17:53  Phoenix x3  
  137  18:17  Phoenix x3  
  137  18:18  Phoenix x2  
  135  18:46  Phoenix x5  
  137  19:11  Phoenix x5  
  117  19:55  Phoenix  
  117  19:56  Phoenix x4  
  121  20:20  Phoenix x2  
  121  20:21  Phoenix x3  
  120  20:42  Probe  
  120  20:43  Probe  
  120  20:45  Phoenix  
  123  20:57  Gateway  
  123  21:00  Pylon  
  123  21:01  Pylon  
  123  21:03  Gateway  
  123  21:07  Gateway  
  123  21:09  Gateway  
  123  21:13  Gateway  
  123  21:14  Warp Gate  
  123  21:15  Gateway  
  123  21:18  Gateway  
  123  21:23  Gateway  
  123  21:28  Gateway  
  123  21:40  Phoenix x4  
  123  21:41  Phoenix  
  125  22:05  Phoenix x4  
  119  22:48  Phoenix x3  
  119  22:49  Phoenix x2  
  108  23:13  Phoenix x3  
  100  23:33  Phoenix  
  100  23:34  Phoenix  
  104  23:38  Zealot x10  
  124  23:46  Assimilator x2  
  124  23:48  Pylon  
  124  24:02  Zealot  
  124  24:03  Zealot x9  
  144  24:12  Twilight Council  
  131  24:43  Charge  
  131  24:44  Phoenix x3  
  135  24:48  Zealot x5  
  135  24:49  Zealot x5  
  216  25:35  Phoenix x2  
  153  25:36  Phoenix x2  
  133  26:59  Phoenix  
  133  27:00  Phoenix x4  
  143  27:25  Phoenix x3  
  125  28:24  Phoenix x3  
  125  28:25  Phoenix x2  
  125  28:49  Phoenix x3  
  125  28:50  Phoenix x2  
Show
View Real Time Build Order
Export as new Build Order

mure Terran - Winner!

Build Orders:  

Get SALT Encoding   

  12  0:02  SCV  
  13  0:14  SCV  
  14  0:26  SCV, Supply Depot  
  15  0:37  Refinery  
  15  0:44  Refinery  
  15  0:47  SCV  
  16  1:00  SCV  
  16  1:01  Barracks  
  17  1:12  SCV  
  18  1:24  SCV  
  19  1:36  SCV  
  20  1:48  SCV  
  20  1:50  Factory  
  21  1:57  Supply Depot  
  21  2:00  SCV  
  22  2:02  Marine  
  23  2:18  SCV  
  23  2:19  Marine  
  25  2:31  SCV  
  25  2:37  Starport, Marine  
  26  2:43  SCV  
  28  2:44  Supply Depot  
  28  2:54  Factory Tech Lab  
  28  2:55  SCV, Marine  
  30  3:07  SCV  
  31  3:13  Marine  
  31  3:15  Medivac  
  31  3:17  Siege Tank  
  37  3:31  Marine  
  38  3:41  Orbital Command  
  38  3:48  Marine  
  38  3:54  Supply Depot  
  39  4:15  Medivac, Marine, Siege Tank  
  45  4:18  Command Center  
  45  4:33  Marine  
  46  4:51  Marine  
  47  5:10  Supply Depot  
  47  5:29  Siege Tank  
  47  5:33  Engineering Bay  
  47  6:01  Siege Tank  
  41  6:33  Siege Tank  
  41  6:38  Supply Depot  
  44  6:40  Supply Depot  
  44  6:47  Viking  
  44  6:53  Starport  
  46  7:05  Siege Tank  
  49  7:15  Planetary Fortress  
  49  7:17  Viking  
  51  7:34  SCV  
  52  7:40  Viking  
  54  7:46  SCV, Supply Depot  
  54  7:47  Viking  
  54  7:50  Supply Depot  
  58  7:58  SCV  
  58  8:01  SCV  
  59  8:10  Viking, SCV  
  62  8:13  SCV  
  62  8:14  Missile Turret  
  62  8:17  Viking  
  65  8:22  SCV  
  65  8:25  SCV  
  67  8:34  Refinery  
  67  8:38  SCV  
  67  8:40  Viking, Supply Depot  
  70  8:46  Supply Depot  
  70  8:47  Viking  
  72  8:50  SCV  
  73  9:01  Starport  
  73  9:02  SCV  
  74  9:03  Supply Depot  
  74  9:07  Refinery  
  74  9:08  Fusion Core  
  74  9:10  Viking  
  74  9:14  SCV  
  77  9:17  Viking  
  79  9:40  Viking  
  81  9:47  Viking  
  83  9:56  SCV  
  84  10:05  Rapid Reignition System  
  84  10:08  SCV  
  84  10:11  Starport Tech Lab  
  85  10:17  Starport Tech Lab  
  69  10:49  Battlecruiser x2  
  77  10:57  SCV  
  74  11:10  SCV  
  75  11:50  Armory  
  63  12:50  Factory  
  63  13:01  Factory  
  63  13:02  Liberator x2  
  69  13:26  Thor  
  75  13:43  Thor  
  75  13:45  Thor, Liberator x2  
  93  14:09  Thor  
  93  14:28  Liberator  
  90  14:34  Thor x2  
  102  14:43  Supply Depot  
  102  15:05  Thor  
  102  15:06  Supply Depot  
  108  15:10  Marine  
  109  15:17  Thor  
  115  15:28  Marine  
  90  15:46  Marine  
  85  16:03  Marine  
  86  16:17  Thor x2  
  98  16:21  Marine  
  99  16:45  Command Center  
  57  17:18  Refinery  
  57  17:35  Thor x2  
  69  18:02  Marine  
  70  18:08  Terran Infantry Weapons Level 1  
  70  18:14  Barracks  
  70  18:15  Barracks  
  70  18:20  Marine  
  70  18:21  Hellion x3  
  77  18:38  Marine  
  77  18:42  Hellion x2  
  77  18:43  Hellion  
  82  18:54  Viking x3  
  88  18:56  Marine  
  89  19:04  Hellion x3  
  95  19:14  Marine  
  76  19:25  Hellion x3  
  82  19:37  Viking x3  
  88  19:39  Marine x3  
  91  19:46  Hellion  
  91  19:47  Hellion x2  
  97  19:57  Marine x3  
  94  20:02  Terran Infantry Armor Level 1  
  88  20:08  Hellion x3  
  94  20:14  Marine x2  
  94  20:15  Marine  
  97  20:29  Hellion x3  
  97  20:32  Marine x3  
  100  20:50  Marine x3  
  100  20:51  Hellion x3  
  100  20:54  Refinery  
  109  21:08  Marine x3  
  106  21:26  Marine x3  
  101  21:43  Marine  
  101  21:44  Marine x2  
  94  21:49  Hellion x3  
  97  22:01  Marine  
  97  22:02  Marine  
  89  22:10  Hellion x3  
  92  22:19  Marine x2  
  89  22:31  Hellion x2  
  89  22:32  Hellion  
  94  22:37  Marine x2  
  94  22:39  Marine  
  90  22:53  Hellion x3  
  90  22:55  Marine x2  
  90  22:56  Marine  
  99  23:12  Marine  
  99  23:13  Marine  
  99  23:14  Hellion x3, Marine  
  105  23:30  Marine  
  105  23:31  Marine  
  105  23:32  Marine  
  105  23:48  Marine x2  
  105  23:50  Marine  
  95  24:06  Marine x2  
  95  24:08  Marine  
  61  24:18  Hellion  
  61  24:21  Hellion  
  61  24:23  Hellion  
  61  24:24  Marine x2  
  66  24:39  Hellion  
  66  24:42  Hellion  
  66  24:44  Hellion  
  66  24:53  Marine  
  66  24:55  Terran Infantry Weapons Level 2  
  66  24:57  Marine x2  
  69  25:01  Hellion  
  69  25:03  Hellion  
  69  25:05  Hellion  
  68  25:10  Marine  
  67  25:15  Marine x2  
  66  25:22  Hellion  
  66  25:25  Hellion  
  66  25:27  Hellion  
  72  25:28  Marine  
  72  25:29  Viking x3  
  72  25:33  Marine x2  
  81  25:43  Hellion  
  81  25:46  Hellion, Marine  
  81  25:48  Hellion  
  88  25:50  Marine  
  88  25:51  Marine  
  90  25:59  Viking x3  
  96  26:04  Marine  
  96  26:05  Hellion  
  96  26:07  Hellion  
  96  26:08  Marine x2  
  96  26:10  Hellion  
  105  26:26  Hellion  
  105  26:29  Viking x3  
  111  26:59  Viking x3  
  116  27:29  Viking x3  
  120  27:54  Marine x2  
  120  27:56  Marine  
  123  27:59  Viking x2  
  125  28:12  Marine x2  
  126  28:14  Marine  
  110  28:29  Viking x2  
  110  28:30  Marine x2  
  110  28:32  Marine  
  109  28:48  Marine  
  107  28:49  Marine  
  105  28:59  Viking x2  
  108  29:06  Marine  
Show
View Real Time Build Order
Export as new Build Order

CloudIII Terran - Winner!

Build Orders: Reaper Expand 

Get SALT Encoding   

  12  0:01  SCV  
  13  0:13  SCV  
  14  0:18  Supply Depot  
  14  0:28  SCV  
  15  0:41  Barracks  
  15  0:43  Refinery  
  15  0:46  SCV  
  16  1:00  SCV  
  17  1:13  SCV  
  18  1:27  SCV  
  18  1:29  Reaper  
  20  1:45  Orbital Command  
  20  1:47  Command Center  
  20  2:11  Supply Depot  
  20  2:13  SCV  
  21  2:27  SCV  
  21  2:29  Refinery  
  22  2:35  Barracks  
  22  2:36  Barracks  
  22  2:37  Barracks Reactor  
  22  2:40  SCV  
  23  2:52  SCV  
  24  3:03  Orbital Command  
  24  3:07  SCV  
  25  3:13  Marine  
  25  3:14  Marine  
  27  3:23  Barracks Tech Lab x2  
  27  3:26  SCV, Factory  
  28  3:30  Engineering Bay  
  28  3:33  Marine x2  
  30  3:34  SCV  
  30  3:40  Supply Depot  
  31  3:42  Stimpack  
  31  3:44  Concussive Shells  
  31  3:54  Marauder x2  
  35  3:56  Marine  
  35  3:59  SCV  
  35  4:00  SCV  
  38  4:11  SCV, Factory Reactor, Starport  
  38  4:13  SCV  
  40  4:17  Marauder  
  40  4:20  Marauder  
  40  4:23  SCV  
  45  4:29  SCV  
  46  4:36  Marine x2  
  48  4:39  Marauder  
  48  4:44  Marauder  
  52  4:53  Supply Depot  
  52  4:54  Marine  
  52  4:59  SCV  
  54  5:06  Supply Depot  
  54  5:10  Combat Shield  
  54  5:14  SCV, Medivac, Marine x3  
  54  5:15  Marauder  
  54  5:17  Supply Depot  
  62  5:28  SCV x2, Medivac  
  66  5:32  Marauder  
  67  5:40  SCV  
  68  5:54  Marine  
  68  5:55  Marauder x2, Marine  
  76  6:03  Factory Reactor  
  74  6:09  Refinery x2  
  74  6:10  Starport  
  74  6:25  Viking x2  
  78  6:42  Command Center  
  78  6:44  Command Center  
  78  6:49  Starport  
  78  7:01  Factory Tech Lab  
  78  7:29  Missile Turret  
  78  7:30  Missile Turret  
  78  7:33  Missile Turret  
  78  7:43  Missile Turret  
  78  7:44  Armory  
  78  7:47  Viking  
  78  7:48  Missile Turret  
  78  7:53  Viking x5  
  78  7:56  Orbital Command  
  88  8:06  Refinery  
  88  8:09  Refinery  
  88  8:17  Marauder, Marine x2  
  92  8:25  Viking x5  
  102  8:30  SCV x3  
  105  8:36  Supply Depot  
  105  8:38  Marauder  
  105  8:39  Supply Depot x2, Smart Servos  
  107  8:46  Terran Ship Weapons Level 1  
  107  8:58  Viking x2  
  111  9:03  SCV x3  
  108  9:11  Viking x2  
  112  9:54  Viking x5  
  112  9:59  Planetary Fortress  
  122  10:25  Missile Turret  
  122  10:27  Refinery  
  121  10:33  Missile Turret  
  113  10:36  Refinery  
  113  10:40  Viking x5  
  113  10:41  Viking  
  78  11:13  SCV x3  
  81  11:20  Viking x5  
  81  11:25  SCV x3  
  89  11:37  SCV  
  90  11:44  Starport x2  
  90  11:45  Starport  
  90  11:51  Terran Ship Weapons Level 2  
  90  11:53  Armory, SCV x3  
  91  11:57  Supply Depot x2  
  91  12:03  SCV  
  91  12:05  SCV x3  
  95  12:15  Viking x4, SCV  
  104  12:28  Starport  
  102  12:30  Viking x2  
  106  12:48  Viking x5  
  116  13:08  SCV x4  
  120  13:21  Viking x3, Starport Reactor  
  120  13:22  Viking x5  
  120  13:23  SCV x3  
  139  13:43  Terran Vehicle And Ship Armor Level 1  
  139  13:44  SCV x3  
  139  13:46  Supply Depot  
  139  13:47  Supply Depot  
  139  13:48  Supply Depot  
  142  13:49  Supply Depot  
  142  13:51  Viking x2  
  142  13:55  Viking  
  148  14:02  Command Center  
  148  14:08  Viking x3  
  154  14:16  Viking x4  
  134  14:21  Viking x2  
  124  14:24  Viking  
  126  14:35  SCV x3  
  126  14:36  SCV  
  130  14:51  SCV x4  
  130  14:52  Terran Ship Weapons Level 3  
  134  15:03  SCV  
  135  15:19  Viking  
  135  15:20  Viking x7  
  135  15:21  Viking x2, SCV  
  145  15:22  SCV  
  145  15:28  Orbital Command  
  143  15:30  Missile Turret  
  143  15:49  Viking  
  145  15:56  Viking x2  
  145  15:57  Viking x6  
  123  16:19  Viking  
  123  16:24  Viking  
  121  16:26  Viking x3  
  121  16:29  Starport  
  121  16:30  Starport  
  121  16:31  Starport  
  121  16:32  Refinery x2  
  127  16:35  SCV x3  
  130  16:46  Supply Depot x2  
  130  16:47  Terran Vehicle And Ship Armor Level 2  
  130  16:59  Viking x2  
  130  17:00  Viking x3  
  140  17:18  Viking x3  
  146  17:26  Viking x3  
  152  17:35  Viking  
  152  17:36  Viking x3  
  160  17:51  Viking x3  
  166  18:08  Viking  
  166  18:09  Viking x6  
  166  18:31  Viking x2  
  166  18:32  Viking x3  
  164  18:39  Viking  
  160  18:46  Terran Vehicle Weapons Level 1  
  158  18:54  Viking x2  
  154  19:07  Viking x3  
  152  19:25  Viking x3  
  150  19:44  Medivac x2  
  150  19:45  Medivac  
  134  19:59  Viking x3  
  126  20:15  Viking x3  
  123  20:27  Viking x2  
  116  20:39  Viking x2  
  120  21:00  Barracks x2  
  120  21:01  Barracks  
  120  21:02  Barracks  
  120  21:04  Barracks  
  120  21:06  Barracks  
  120  21:08  Barracks  
  118  21:13  Barracks  
  116  21:28  Supply Depot x2  
  116  21:29  Supply Depot  
  116  21:30  Terran Infantry Weapons Level 1  
  116  21:33  Engineering Bay  
  116  21:39  Marine x2  
  118  21:42  Viking x6  
  118  21:43  Viking  
  120  21:54  Barracks  
  120  21:57  Marine  
  113  22:04  Marine x5  
  113  22:06  Barracks  
  111  22:09  Terran Vehicle Weapons Level 2  
  111  22:10  Terran Vehicle And Ship Armor Level 3  
  111  22:15  Marine  
  99  22:31  Marine x3  
  99  22:32  Viking, Starport Reactor, Marine x2  
  99  22:33  Viking x2  
  103  22:49  Marine  
  97  22:55  Marine x4  
  97  22:56  Viking x2  
  102  23:07  Marine  
  102  23:12  Marine  
  103  23:16  Barracks  
  103  23:17  Barracks x3  
  104  23:20  Barracks x2  
  104  23:38  Marine x3  
  104  23:39  Viking, Marine x2  
  104  23:40  Viking x6  
  121  23:51  Marine x2  
  123  23:56  Marine x4  
  123  23:57  Marine  
  123  24:03  Viking x2, Medivac  
  123  24:08  Barracks  
  123  24:09  Marine x2  
  127  24:14  Marine x5  
  112  24:25  Viking, Marine x4  
  112  24:26  Viking x2  
  123  24:31  SCV x5  
  115  24:43  Marine x2  
  115  24:44  Viking, Marine x4  
  115  24:45  Viking x2  
  107  24:58  Marine x2  
  107  24:59  Viking x2, Marine  
  89  25:15  Marine x5  
  89  25:16  Marine x3  
  97  25:34  Marine x6  
  103  25:42  Medivac  
  105  25:43  Medivac x2  
  104  26:08  Marauder, Marine x7  
  104  26:09  Marine x2  
  115  26:29  Marine x2  
  115  26:30  Marauder, Marine x8  
  119  26:47  Marine  
  119  26:49  Marine x3  
  119  26:51  Marauder  
  125  26:55  Marine x5  
  125  26:56  Medivac x3  
  125  27:01  Terran Infantry Armor Level 1  
  136  27:13  Marauder  
  138  27:33  Marine  
  138  27:34  Marine x5  
  138  27:36  Marine x4  
  147  27:37  Medivac, Marauder  
  149  27:51  Marine  
  149  27:52  Marine x2  
  152  28:01  Marauder, Marine x4  
  152  28:04  Orbital Command  
  157  28:46  Viking x3  
  163  29:02  Viking x3  
  167  29:05  SCV x2  
  167  29:06  SCV  
  170  29:11  Refinery  
  170  29:12  Refinery  
  169  29:23  SCV x3  
  169  29:24  SCV x2  
Show
View Real Time Build Order
Export as new Build Order

Ozzdar Terran - Winner!

Build Orders:  

Get SALT Encoding   

  12  0:01  SCV  
  13  0:13  SCV  
  14  0:19  Supply Depot  
  14  0:25  SCV  
  15  0:30  Refinery  
  15  0:45  Barracks  
  15  0:46  SCV  
  16  0:58  SCV  
  16  1:03  Supply Depot  
  17  1:11  SCV  
  18  1:18  Refinery  
  18  1:23  SCV  
  19  1:32  Marine  
  20  1:35  SCV, Engineering Bay  
  21  1:51  Barracks Tech Lab  
  21  1:59  Factory  
  21  2:03  Orbital Command  
  21  2:14  Marauder  
  21  2:15  Concussive Shells  
  23  2:29  SCV  
  24  2:37  Supply Depot  
  24  2:41  SCV  
  25  2:55  Command Center  
  25  2:58  SCV  
  26  3:08  Marine  
  26  3:11  SCV  
  28  3:13  Factory Reactor  
  28  3:23  SCV  
  29  3:28  Starport  
  29  3:32  Starport  
  29  3:39  Marine  
  30  3:41  Stimpack  
  30  3:57  Marine  
  31  4:05  Supply Depot  
  31  4:08  Starport Tech Lab  
  31  4:10  Starport Reactor  
  31  4:14  Widow Mine x2, Marine  
  36  4:20  SCV  
  37  4:26  SCV  
  38  4:32  SCV  
  38  4:34  Refinery  
  38  4:36  Marine  
  38  4:38  SCV  
  41  4:41  Banshee  
  44  4:50  SCV  
  45  4:54  Marine  
  46  5:02  Armory, SCV  
  49  5:07  Widow Mine x2  
  49  5:13  Marauder  
  53  5:17  Viking  
  55  5:22  SCV  
  55  5:24  SCV  
  55  5:28  Refinery  
  57  5:32  Missile Turret  
  57  5:34  SCV  
  58  5:36  SCV  
  58  5:40  Supply Depot  
  59  5:48  SCV  
  60  6:06  Starport  
  60  6:09  SCV  
  54  6:22  SCV  
  55  6:37  Cloaking Field  
  55  6:41  Terran Vehicle And Ship Armor Level 1  
  55  6:52  Armory, Widow Mine x2  
  59  6:58  SCV  
  60  7:10  SCV  
  60  7:13  Starport Reactor, Widow Mine  
  63  7:22  SCV  
  64  7:29  Liberator  
  67  7:33  Viking  
  67  7:34  SCV  
  70  8:27  Supply Depot  
  70  8:35  Terran Ship Weapons Level 1  
  70  8:37  Orbital Command  
  70  8:49  Viking x4  
  70  8:52  Supply Depot  
  78  9:13  Viking  
  78  9:14  Supply Depot, Widow Mine x2  
  84  9:18  Viking  
  84  9:20  Supply Depot  
  84  9:24  Viking x2  
  90  9:26  SCV  
  91  9:32  Supply Depot  
  91  9:35  Widow Mine  
  91  9:36  Widow Mine, Terran Vehicle And Ship Armor Level 2  
  95  9:38  SCV  
  95  9:39  Supply Depot  
  95  9:44  Supply Depot  
  96  9:56  Widow Mine  
  96  9:57  Widow Mine  
  100  10:18  Widow Mine x2  
  104  10:30  Viking x3  
  104  10:31  Banshee  
  113  10:43  Supply Depot  
  113  10:48  SCV  
  114  11:00  SCV  
  115  11:05  Supply Depot  
  115  11:14  Banshee  
  118  11:22  Combat Shield  
  118  11:29  Hyperflight Rotors  
  118  11:41  Viking x2  
  118  11:42  Viking x2  
  126  11:57  Banshee  
  129  12:02  Starport  
  129  12:03  Widow Mine  
  129  12:04  Widow Mine  
  133  12:11  Viking x2  
  133  12:12  Viking  
  139  12:25  Widow Mine x2  
  143  12:39  Banshee  
  146  12:46  Widow Mine x2  
  150  13:22  Banshee  
  153  13:48  Viking x2  
  157  14:32  Banshee  
  157  14:37  Viking  
  157  14:38  Viking  
  155  15:14  Banshee  
  114  15:57  Banshee  
  114  15:58  Viking x2  
  114  15:59  Viking x2  
  125  16:28  Viking x2  
  125  16:29  Viking x2  
  133  16:39  Starport Tech Lab  
  133  16:40  Banshee  
  134  16:58  Viking x2  
  134  16:59  Viking  
  134  17:23  Banshee  
  122  18:06  Banshee  
  89  18:30  Viking x2  
  89  18:31  Viking x2  
  97  18:48  Banshee  
  97  18:49  Banshee  
  103  19:00  Viking x2  
  103  19:01  Viking x2  
  104  19:30  Viking  
  106  19:46  Viking x3  
  106  19:47  Viking x2  
  116  20:04  Terran Ship Weapons Level 2  
  116  21:04  Viking  
  116  21:05  Viking x4  
  123  24:20  Viking x5  
  123  24:21  Viking  
Show
View Real Time Build Order
Export as new Build Order

derpy Terran 

Build Orders:  

Get SALT Encoding   

  12  0:02  SCV  
  13  0:14  Supply Depot  
  13  0:19  SCV  
  14  0:25  Refinery  
  15  0:41  Barracks  
  14  0:43  SCV  
  15  0:56  SCV  
  16  1:07  Barracks  
  16  1:08  SCV  
  17  1:29  Refinery  
  17  1:30  Orbital Command  
  17  1:43  Engineering Bay  
  17  1:49  Reaper  
  18  1:56  SCV  
  19  2:02  Barracks Reactor  
  19  2:13  Factory  
  19  2:14  SCV  
  20  2:21  Reaper  
  21  2:28  SCV  
  22  2:38  Reaper  
  23  2:48  Supply Depot  
  23  2:55  Supply Depot  
  23  3:05  Barracks  
  23  3:10  SCV, Reaper x2  
  26  3:15  Reaper  
  26  3:17  Factory Tech Lab  
  27  3:22  SCV  
  28  3:34  SCV  
  29  3:42  Reaper x2  
  29  3:47  Reaper  
  32  3:52  Widow Mine  
  32  3:55  SCV  
  36  4:04  Command Center  
  36  4:07  SCV  
  37  4:12  Barracks Tech Lab  
  37  4:14  Marine  
  37  4:16  Reaper  
  38  4:19  Reaper  
  39  4:56  Terran Infantry Weapons Level 1  
  39  5:06  Supply Depot  
  39  5:15  SCV, Reaper, Marine x3, Siege Tank  
  47  5:27  SCV  
  48  5:33  Marine x3  
  52  5:35  Supply Depot  
  52  5:39  Missile Turret  
  52  5:40  SCV  
  52  5:47  Marine  
  52  5:48  Widow Mine  
  55  5:51  Marine  
  55  5:52  SCV  
  54  5:59  Missile Turret  
  54  6:00  Marine  
  54  6:01  Marine  
  54  6:04  SCV  
  57  6:05  Marine  
  57  6:09  Marine, Widow Mine  
  57  6:18  Marine x2  
  57  6:20  Missile Turret  
  57  6:23  Marine  
  54  6:26  Marine  
  54  6:27  SCV  
  54  6:30  Orbital Command  
  54  6:31  Widow Mine  
  58  6:36  Marine x2  
  60  6:41  Marine  
  60  6:44  Marine  
  62  6:50  Terran Infantry Armor Level 1  
  62  6:54  Marine x2  
  62  6:55  Armory  
  62  6:58  Marine  
  65  7:02  Marine  
  66  7:12  Marine x2  
  67  7:16  Marine  
  67  7:17  Widow Mine  
  67  7:21  Marine  
  70  7:29  Marine  
  70  7:42  Marine  
  70  7:43  Marine  
  70  7:44  Marine  
  70  7:45  Widow Mine  
  70  7:47  Marine  
  65  8:00  Marine  
  65  8:01  Marine  
  65  8:02  Marine  
  65  8:05  Marine  
  68  8:07  Widow Mine  
  68  8:12  Armory  
  66  8:18  Marine  
  66  8:19  Marine  
  63  8:20  Marine  
  63  8:26  Marine  
  64  8:28  Widow Mine  
  65  8:36  Marine  
  65  8:37  Marine x2  
  68  8:42  SCV x2  
  70  8:57  Supply Depot  
  70  9:12  Missile Turret  
  70  9:18  Marine x4, Terran Infantry Weapons Level 2  
  70  9:19  SCV x2, Widow Mine  
  70  9:21  Supply Depot  
  78  9:33  SCV  
  78  9:34  SCV  
  78  9:36  Missile Turret, Marine x2  
  75  9:40  Widow Mine  
  70  9:45  Supply Depot  
  70  9:49  Command Center  
  70  9:50  Missile Turret  
  69  9:53  Missile Turret  
  69  9:55  Missile Turret  
  69  9:57  Missile Turret  
  69  9:58  Missile Turret  
  69  9:59  Missile Turret  
  69  10:00  SCV x2  
  69  10:02  Widow Mine  
  73  10:10  Supply Depot  
  73  10:13  Terran Vehicle And Ship Armor Level 1  
  73  10:14  Terran Ship Weapons Level 1  
  73  10:23  Widow Mine  
  75  10:41  SCV  
  75  10:42  SCV  
  77  10:44  Widow Mine  
  79  10:54  SCV x2  
  81  11:06  SCV x2  
  83  11:18  SCV x2  
  85  11:24  Orbital Command  
  85  11:29  Refinery  
  85  11:30  SCV x2, Refinery  
  84  11:36  Marine x2  
  84  11:37  Marine x2  
  84  11:39  Terran Infantry Weapons Level 3  
  73  11:42  SCV x2  
  69  11:49  Widow Mine  
  71  11:54  Marine x2  
  71  12:01  Marine x2  
  73  12:02  Starport  
  73  12:07  Terran Vehicle Weapons Level 1  
  73  12:08  Refinery  
  74  12:10  Widow Mine  
  74  12:12  Refinery, Marine x2  
  78  12:19  Marine x2  
  78  12:22  SCV x3  
  83  12:30  Marine  
  83  12:32  Widow Mine  
  83  12:34  SCV x3  
  89  12:41  Starport  
  89  12:46  SCV  
  90  12:53  Widow Mine  
  90  12:55  Marine x4  
  96  13:05  Terran Vehicle And Ship Armor Level 2  
  92  13:13  Marine x3  
  92  13:14  Widow Mine  
  97  13:20  Starport  
  97  13:26  Marine  
  97  13:27  Command Center  
  98  13:31  Marine x3  
  101  13:36  Widow Mine, Starport Tech Lab x2  
  103  13:42  Command Center  
  103  13:44  SCV, Marine  
  103  13:45  SCV x2  
  103  13:46  Fusion Core  
  107  13:48  Marine  
  107  13:49  Marine x2  
  110  13:57  SCV x3, Widow Mine  
  110  14:01  Terran Ship Weapons Level 2  
  110  14:02  Marine  
  116  14:06  Marine x2  
  116  14:07  Marine  
  116  14:09  SCV x3  
  122  14:16  Terran Infantry Armor Level 2  
  122  14:18  Widow Mine  
  122  14:19  Marine  
  122  14:24  Missile Turret  
  125  14:27  Missile Turret x3  
  128  14:38  SCV x3  
  128  14:40  Widow Mine  
  128  14:44  Supply Depot  
  128  14:45  Marine x4  
  133  14:47  Missile Turret  
  133  14:49  Missile Turret  
  133  14:50  SCV x3  
  137  14:56  Orbital Command, Missile Turret  
  137  14:58  Orbital Command  
  135  15:02  Marine  
  135  15:03  Marine x3  
  135  15:05  Widow Mine  
  130  15:07  Supply Depot  
  117  15:17  Missile Turret  
  117  15:20  Marine x2  
  113  15:26  Widow Mine  
  101  15:35  Supply Depot  
  101  15:38  Missile Turret  
  93  15:47  SCV x2  
  93  15:48  SCV, Widow Mine  
  93  15:49  Marine x2  
  99  15:50  Marine x2  
  92  15:57  Supply Depot  
  92  15:58  Missile Turret  
  92  15:59  SCV  
  92  16:00  SCV x2  
  91  16:07  Marine x3  
  91  16:08  Marine  
  91  16:09  Widow Mine  
  84  16:11  SCV  
  84  16:12  SCV x2  
  84  16:17  Battlecruiser  
  84  16:18  Missile Turret  
  93  16:21  Supply Depot  
  93  16:25  Marine x4  
  95  16:27  Refinery  
  95  16:29  Refinery  
  95  16:31  Widow Mine  
  99  16:40  Refinery  
  99  16:43  Supply Depot, Refinery, Marine x4  
  103  16:48  Missile Turret  
  103  16:52  Widow Mine  
  105  17:00  Marine  
  105  17:01  Marine x3  
  107  17:07  Supply Depot  
  109  17:09  Missile Turret  
  109  17:13  Widow Mine  
  96  17:18  Marine x2  
  96  17:19  Marine x2  
  96  17:22  Battlecruiser  
  98  17:35  Starport Tech Lab  
  98  17:36  Command Center, Marine x2  
  100  17:49  Starport  
  100  17:51  Widow Mine  
  102  18:12  Widow Mine  
  104  18:14  Marine x4  
  108  18:24  Battlecruiser  
  108  18:26  Battlecruiser  
  110  18:29  SCV  
  110  18:30  SCV x2  
  110  18:31  Marine  
  110  18:32  Marine x3  
  110  18:33  Widow Mine  
  119  18:49  Marine x2  
  119  18:50  Marine x2  
  119  18:55  Widow Mine  
  123  19:07  Battlecruiser, Marine x3  
  123  19:08  Marine  
  121  19:16  Widow Mine  
  115  19:20  Orbital Command  
  105  19:25  Marine x4  
  105  19:26  SCV x3  
  105  19:30  Battlecruiser  
  106  19:37  Widow Mine  
  106  19:38  SCV x3  
  103  19:43  Marine x4  
  103  19:45  Barracks  
  98  19:46  Barracks  
  98  19:47  Barracks  
  98  19:48  Barracks  
  98  19:49  SCV, Barracks  
  98  19:50  SCV x3  
  97  19:59  Widow Mine  
  97  20:00  Marine  
  97  20:01  Marine x3  
  97  20:02  SCV x3  
  97  20:03  SCV  
  105  20:14  SCV x3  
  106  20:15  SCV  
  106  20:18  Marine x2  
  106  20:19  Marine x2  
  113  20:26  SCV x2  
  113  20:27  SCV x2  
  111  20:36  Marine x2  
  111  20:37  Marine  
  111  20:38  SCV x2  
  111  20:39  SCV x2  
  118  20:54  Marine x3, Barracks  
  121  21:04  Battlecruiser  
  121  21:05  Battlecruiser x2  
  139  21:12  Marine x4  
  129  21:30  Marine x3  
  114  21:47  Marine  
  114  21:48  Marine x2  
  114  21:49  Widow Mine  
  107  22:05  Marine x2, Barracks  
  107  22:06  Marine  
  107  22:08  Barracks  
  108  22:09  Battlecruiser  
  108  22:10  Barracks  
  108  22:11  Widow Mine, Barracks x2  
  108  22:14  Barracks  
  113  22:23  Marine x3  
  116  22:32  Battlecruiser, Widow Mine  
  101  22:41  Marine  
  92  22:52  Marine x2  
  92  22:53  Widow Mine  
  94  22:59  Marine  
  94  23:04  Command Center  
  95  23:09  Marine  
  95  23:10  Marine  
  97  23:15  Widow Mine  
  97  23:16  Marine  
  97  23:17  Terran Vehicle And Ship Armor Level 3  
  82  23:27  Marine  
  82  23:28  Marine  
  82  23:33  Missile Turret  
  78  23:47  SCV x2  
  80  23:53  Missile Turret  
  80  23:59  SCV, Refinery  
  80  24:00  SCV  
  82  24:12  SCV x2  
  82  24:15  Refinery  
  84  24:18  Missile Turret  
  84  24:24  SCV x2  
  86  24:36  SCV x2  
  86  24:37  Missile Turret  
  88  24:43  Missile Turret  
  88  24:44  Missile Turret  
  82  24:46  Missile Turret  
  82  24:47  Missile Turret  
  82  24:52  Orbital Command  
  76  25:05  Missile Turret  
  76  25:07  Marine x6  
  59  25:24  Missile Turret, Marine  
  59  25:25  Marine x5  
  63  25:42  Marine x2  
  60  25:43  Marine x4  
  60  25:45  Missile Turret  
  56  26:00  Marine x3  
  56  26:01  Marine x2  
  46  26:05  Missile Turret  
  14  26:55  Battlecruiser x3  
  33  27:02  Marine  
  33  27:03  Marine x2  
  35  27:10  Widow Mine  
  37  27:20  Marine x2  
  37  27:21  Marine  
  39  27:38  Marine x3  
  42  27:53  Widow Mine  
  42  27:56  Marine x2  
  42  28:14  Marine  
  42  28:15  Widow Mine  
  39  28:36  Widow Mine  
Show
View Real Time Build Order
Export as new Build Order

soursop Protoss 

Build Orders: Carriers 

Get SALT Encoding   

  12  0:12  Pylon  
  12  0:20  Probe  
  12  0:28  Probe  
  13  0:34  Gateway  
  14  0:37  Probe  
  15  0:46  Assimilator  
  15  0:54  Probe  
  15  0:55  Assimilator  
  16  1:09  Probe  
  17  1:22  Probe  
  18  1:29  Pylon  
  18  1:34  Probe  
  18  1:35  Cybernetics Core  
  19  1:46  Probe  
  20  1:58  Probe  
  21  2:10  Probe  
  22  2:19  Nexus  
  22  2:32  Stargate  
  22  2:41  Pylon  
  22  2:42  Probe  
  23  2:54  Probe  
  23  2:58  Assimilator  
  24  3:10  Probe, Forge  
  25  3:29  Fleet Beacon  
  25  3:31  Probe  
  26  3:42  Probe  
  26  3:43  Probe  
  28  3:51  Photon Cannon  
  28  3:56  Pylon  
  28  3:57  Assimilator  
  28  4:09  Stargate  
  28  4:18  Tempest  
  28  4:23  Probe  
  34  4:29  Probe  
  35  4:35  Probe  
  36  4:41  Cybernetics Core  
  36  4:50  Probe  
  36  4:51  Pylon  
  36  4:52  Probe  
  38  4:56  Protoss Air Weapons Level 1  
  38  5:05  Tempest  
  43  5:19  Probe x2  
  45  5:21  Photon Cannon  
  45  5:31  Probe, Tempest  
  45  6:05  Photon Cannon  
  45  6:20  Photon Cannon  
  45  6:22  Photon Cannon  
  45  6:27  Probe x2  
  45  6:30  Tempest  
  45  6:31  Tempest  
  57  6:50  Protoss Air Armor Level 1  
  57  6:56  Probe x2  
  59  7:12  Photon Cannon  
  44  7:31  Tempest x2  
  54  7:43  Protoss Air Weapons Level 2  
  54  7:49  Photon Cannon  
  54  7:52  Photon Cannon  
  54  7:55  Probe  
  54  7:56  Photon Cannon  
  55  8:34  Tempest x2  
  65  8:48  Protoss Air Armor Level 2  
  65  8:57  Probe  
  66  9:05  Probe  
  62  9:15  Probe  
  62  9:19  Tempest  
  68  9:30  Pylon  
  68  9:32  Pylon  
  68  9:33  Pylon  
  68  9:48  Tempest  
  73  10:02  Tempest  
  78  10:31  Tempest  
  78  10:34  Protoss Air Weapons Level 3  
  83  10:51  Tempest  
  88  11:17  Protoss Shields Level 1  
  88  11:38  Protoss Air Armor Level 3  
  88  11:39  Robotics Facility  
  88  12:01  Probe x2  
  90  12:06  Nexus  
  90  12:10  Assimilator  
  90  12:13  Probe x2  
  90  12:14  Assimilator  
  92  12:25  Probe x2  
  94  12:55  Tempest, Pylon  
  94  12:57  Tempest  
  93  12:58  Pylon  
  50  13:32  Carrier  
  50  13:33  Carrier  
  50  13:38  Observer  
  50  13:39  Twilight Council  
  58  14:33  Carrier  
  58  14:34  Carrier  
  70  16:09  Carrier x2  
  82  16:48  Nexus  
  82  16:58  Nexus  
  76  17:01  Assimilator  
  76  17:05  Assimilator  
  70  17:32  Carrier x2  
  48  18:32  Stargate  
  48  18:34  Stargate  
  48  18:38  Assimilator  
  48  18:43  Observer  
  48  19:19  Carrier  
  48  19:20  Carrier  
  48  19:21  Carrier x2  
  72  19:41  Protoss Shields Level 2  
  65  20:36  Nexus  
  59  21:23  Carrier  
  59  21:24  Carrier  
  71  21:29  Tempest  
  76  22:01  Tempest  
  57  23:01  Carrier  
  57  23:11  Carrier  
  69  23:19  Pylon  
  69  23:23  Pylon  
  69  23:24  Carrier  
  75  24:12  Nexus  
  47  24:50  Carrier  
  47  24:51  Carrier  
  47  25:33  Carrier  
  53  25:40  Assimilator  
  53  25:44  Assimilator  
  48  25:57  Probe x2  
  48  26:07  Probe x2  
  34  26:53  Carrier  
  26  27:21  Probe x2  
  26  27:22  Probe  
  29  27:45  Pylon  
  29  27:48  Pylon  
  29  27:50  Pylon  
Show
View Real Time Build Order
Export as new Build Order

MVorkosigan Zerg 

Build Orders: Pool First 

Get SALT Encoding   

  12  0:02  Drone  
  13  0:15  Overlord  
  13  0:18  Drone  
  14  0:34  Drone  
  15  0:42  Spawning Pool  
  14  0:43  Extractor  
  14  0:45  Drone  
  14  0:52  Drone  
  15  0:58  Drone  
  15  1:04  Drone  
  17  1:25  Drone  
  17  1:27  Hatchery  
  17  1:32  Drone  
  18  1:44  Drone x2  
  20  1:52  Queen  
  20  1:53  Overlord  
  22  2:14  Drone x2  
  24  2:33  Drone  
  24  2:36  Queen  
  27  2:37  Drone  
  27  2:39  Drone  
  29  2:50  Drone  
  30  2:51  Drone  
  31  2:59  Overlord  
  31  3:03  Drone x3  
  34  3:10  Extractor  
  33  3:14  Drone  
  33  3:15  Drone  
  33  3:17  Drone  
  36  3:20  Queen  
  38  3:27  Drone  
  39  3:39  Lair  
  39  3:40  Drone x3  
  42  3:42  Evolution Chamber  
  42  3:45  Drone x2  
  42  3:46  Drone  
  44  4:07  Overlord  
  44  4:08  Overlord  
  44  4:20  Overlord x2  
  44  4:25  Queen  
  44  4:28  Drone  
  44  4:30  Drone x7  
  54  4:43  Drone  
  54  4:44  Drone x2  
  57  4:47  Hatchery  
  57  4:48  Extractor  
  57  4:50  Extractor  
  54  5:05  Evolution Chamber  
  53  5:08  Evolution Chamber  
  53  5:13  Hydralisk Den  
  51  5:15  Drone x3  
  54  5:23  Zerg Missile Weapons Level 1  
  54  5:25  Drone x5  
  59  5:41  Hydralisk x4  
  66  5:56  Hydralisk x4  
  47  6:11  Queen  
  47  6:13  Drone x2  
  51  6:20  Queen  
  51  6:25  Drone x6  
  59  6:33  Drone x8  
  67  6:44  Drone  
  68  6:47  Queen  
  68  6:52  Drone x2  
  72  6:56  Queen  
  72  7:00  Evolution Chamber  
  73  7:01  Drone  
  74  7:13  Spore Crawler  
  74  7:14  Drone x3  
  76  7:15  Spore Crawler  
  76  7:17  Zerg Ground Armor Level 1  
  75  7:30  Drone  
  75  7:31  Overlord, Drone x6  
  75  7:32  Overlord  
  75  7:34  Overlord  
  82  7:45  Extractor  
  82  7:46  Extractor  
  80  7:51  Overlord  
  80  7:53  Hydralisk x7  
  94  8:07  Drone  
  95  8:17  Drone  
  95  8:18  Drone  
  95  8:19  Drone  
  98  8:26  Hydralisk  
  98  8:27  Hydralisk  
  102  8:38  Hydralisk  
  102  8:39  Hydralisk x2  
  102  8:41  Queen  
  108  8:44  Hydralisk  
  108  8:45  Hydralisk  
  108  8:48  Overlord x3  
  114  8:49  Overlord  
  114  9:14  Drone x4  
  118  9:31  Hydralisk x14  
  118  9:34  Overlord  
  118  9:35  Overlord x2  
  146  9:56  Hydralisk x8  
  162  10:15  Overlord x3  
  162  10:16  Hydralisk x4  
  162  10:18  Overlord  
  170  10:28  Hydralisk x5  
  136  10:46  Hydralisk x10  
  119  11:16  Drone x9  
  119  11:17  Drone x2  
  130  11:32  Overlord  
  130  11:33  Overlord  
  130  11:36  Overlord, Hydralisk  
  130  11:37  Hydralisk  
  134  11:56  Hydralisk x6  
  146  12:03  Queen  
  148  12:35  Infestation Pit  
  148  12:36  Grooved Spines  
  143  12:37  Zerg Missile Weapons Level 2  
  143  12:39  Zerg Ground Armor Level 2  
  143  12:41  Drone  
  143  12:42  Hydralisk x2  
  148  12:48  Overlord  
  148  13:17  Drone x3  
  148  13:19  Queen  
  146  13:32  Hydralisk x4  
  149  13:47  Muscular Augments  
  149  13:48  Drone x3  
  152  13:53  Queen  
  152  13:55  Queen  
  156  14:24  Hydralisk x3  
  82  14:47  Drone x3  
  63  14:56  Drone x2  
  65  15:05  Drone  
  66  15:17  Drone x2  
  68  15:27  Drone  
  69  15:28  Drone  
  69  15:29  Drone x2  
  72  15:38  Spire  
  71  15:45  Drone  
  71  15:46  Drone x5  
  77  16:58  Mutalisk x20  
  77  16:59  Mutalisk x6  
  129  17:08  Extractor  
  128  17:44  Hatchery  
  127  17:52  Zerg Flyer Weapons Level 1  
  127  17:55  Hydralisk  
  127  17:56  Hatchery, Hydralisk x2  
  127  17:58  Hydralisk x2  
  136  18:11  Hatchery  
  109  18:37  Mutalisk x9  
  85  19:03  Mutalisk  
  85  19:04  Mutalisk x4  
  95  19:16  Drone x6  
  101  19:26  Drone x5  
  106  19:35  Queen  
  106  19:37  Queen  
  110  19:43  Queen  
  112  19:46  Zerg Flyer Armor Level 1  
  98  20:08  Drone x9  
  107  20:19  Queen  
  109  20:27  Drone x2  
  111  20:29  Queen  
  111  20:32  Drone x3  
  116  20:55  Queen  
  118  21:00  Mutalisk  
  118  21:01  Mutalisk x15  
  150  21:10  Drone x2  
  152  21:18  Drone x4  
  156  21:29  Mutalisk x4  
  164  21:38  Extractor  
  163  21:41  Extractor  
  163  21:42  Extractor x2  
  163  21:45  Extractor  
  159  21:47  Extractor  
  158  22:01  Drone  
  158  22:02  Hydralisk x6, Drone  
  173  22:08  Drone x3  
  173  22:09  Hydralisk  
  173  22:12  Drone x8  
  173  22:13  Drone x2  
  127  23:20  Zergling x8  
  127  23:21  Zergling x62  
  127  23:22  Zergling x6  
  127  23:24  Zergling x28  
  127  23:25  Zergling x2  
  181  23:41  Drone x2  
  182  24:01  Mutalisk x11  
  182  24:02  Mutalisk x3  
  167  24:06  Zergling x12  
  153  24:14  Zerg Melee Weapons Level 1  
  145  24:28  Mutalisk x4  
  119  25:02  Mutalisk x5  
  119  25:03  Mutalisk x3  
  135  25:18  Mutalisk x3  
  114  25:37  Mutalisk x4  
  117  25:43  Mutalisk  
  88  26:16  Hydralisk x11  
  110  26:22  Hydralisk  
  110  26:23  Hydralisk  
  112  26:32  Hydralisk x2  
  106  26:34  Zergling x6  
  106  26:37  Zergling x2  
  106  26:38  Zergling x6  
  40  27:10  Mutalisk x4  
  40  27:12  Zergling x6  
  40  27:13  Zergling x2  
  19  27:27  Drone  
Show
View Real Time Build Order
Export as new Build Order

Anivool Terran 

Build Orders:  

Get SALT Encoding   

  12  0:02  SCV  
  13  0:14  SCV  
  13  0:20  Supply Depot  
  14  0:29  SCV  
  15  0:39  Refinery  
  15  0:42  SCV  
  16  0:58  Supply Depot  
  16  1:01  SCV  
  17  1:08  Barracks  
  17  1:15  SCV  
  18  1:35  SCV, Barracks  
  19  1:49  SCV  
  20  1:55  Marine  
  20  2:18  Orbital Command, Command Center  
  20  2:21  Marine  
  21  2:34  Refinery  
  21  2:36  Marine  
  22  2:45  Factory  
  22  2:48  SCV  
  23  2:59  Marine x2  
  25  3:06  SCV  
  26  3:17  Marine x2  
  28  3:25  Supply Depot  
  28  3:30  Orbital Command  
  28  3:36  Factory Tech Lab  
  28  3:38  Marine x2  
  30  3:44  Engineering Bay  
  30  3:47  Supply Depot  
  30  3:48  SCV  
  31  3:57  Siege Tank  
  34  4:09  SCV  
  35  4:19  SCV  
  35  4:20  Terran Infantry Weapons Level 1  
  35  4:21  SCV  
  35  4:22  Marine x2  
  39  4:29  Siege Tank  
  42  4:33  SCV x2  
  44  4:45  SCV, Missile Turret  
  45  4:50  Missile Turret  
  45  4:54  Supply Depot  
  45  4:55  Marine x2  
  45  4:57  SCV  
  48  5:06  Starport  
  48  5:08  Siege Tank  
  48  5:09  SCV  
  48  5:13  Marine x2  
  54  5:21  SCV  
  54  5:24  SCV  
  56  5:31  Marine  
  56  5:35  SCV  
  58  5:36  Barracks  
  58  5:45  Missile Turret  
  58  5:47  SCV  
  59  5:51  Missile Turret  
  59  5:59  SCV  
  60  6:11  SCV  
  61  6:25  Marine x2  
  61  6:30  Barracks Tech Lab  
  61  6:32  Terran Infantry Armor Level 1  
  63  6:34  Cyclone  
  63  6:37  SCV  
  67  6:42  Refinery  
  67  6:45  Medivac  
  69  6:49  SCV  
  69  6:51  Barracks Reactor x2  
  69  6:53  Stimpack  
  70  7:04  Supply Depot  
  70  7:11  Supply Depot  
  70  7:17  Supply Depot  
  70  7:18  Refinery  
  70  7:25  Marine  
  70  7:26  SCV, Supply Depot  
  72  7:31  Cyclone  
  72  7:32  Mag-Field Accelerator  
  75  7:38  SCV  
  75  7:43  Marine  
  77  7:45  Missile Turret  
  77  7:48  Supply Depot, Missile Turret  
  77  7:50  SCV  
  77  7:51  Starport Tech Lab  
  78  7:54  Marine x2  
  78  7:55  Marine x2  
  82  8:01  Marine  
  82  8:04  Starport  
  83  8:06  Armory  
  83  8:12  Marine x2  
  84  8:16  Marine x2  
  84  8:19  Marauder, Fusion Core  
  89  8:20  Siege Tank  
  89  8:26  Hi-Sec Auto Tracking  
  89  8:27  SCV  
  93  8:30  Marine x2  
  95  8:34  Missile Turret  
  95  8:39  SCV  
  95  8:40  Marine  
  97  8:43  Marine x2  
  97  8:48  Marine  
  100  8:51  SCV  
  101  8:58  Marauder  
  101  9:01  Combat Shield  
  103  9:09  Cloaking Field  
  103  9:12  Starport Tech Lab  
  103  9:26  Terran Infantry Weapons Level 2  
  103  9:29  Weapon Refit  
  103  9:32  Terran Vehicle And Ship Armor Level 1  
  103  9:34  Marine x3  
  103  9:36  Marine x2  
  108  9:52  Marine x2  
  110  10:06  Supply Depot  
  110  10:08  Armory  
  110  10:17  Engineering Bay  
  110  10:20  Concussive Shells  
  110  10:28  Supply Depot, Marine x3  
  113  10:33  Marine  
  113  10:34  Marine  
  115  10:39  Viking  
  115  10:40  Viking  
  116  10:45  Marine  
  116  10:46  Marine x2  
  116  10:51  Supply Depot, Marine  
  116  10:52  Marine  
  118  11:03  Marine  
  121  11:04  Marauder  
  121  11:06  Marine  
  121  11:09  Medivac, Marine x2  
  126  11:12  Medivac  
  126  11:18  Terran Vehicle Weapons Level 1  
  128  11:21  Marine  
  128  11:24  Marine  
  128  11:25  Marine  
  131  11:43  Marauder, Marine  
  134  11:53  Command Center  
  134  12:17  Marine  
  134  12:19  Marine  
  134  12:21  Marine  
  134  12:33  Missile Turret  
  134  12:50  Terran Infantry Armor Level 2  
  134  12:51  Supply Depot  
  134  13:05  Medivac x2, Marine x4, Thor  
  148  13:13  Supply Depot, Marauder  
  148  13:22  Planetary Fortress  
  148  13:23  Marine x4  
  152  13:34  Marine  
  152  13:40  Marine x2  
  155  13:44  Marine x2  
  155  13:48  Thor  
  163  13:52  Marauder  
  165  13:58  Marine x2  
  164  14:14  Marauder  
  99  14:24  Missile Turret  
  99  14:29  Missile Turret  
  99  14:30  Thor  
  105  14:35  Marauder  
  105  14:36  Missile Turret  
  107  14:42  Missile Turret  
  107  14:43  Marine  
  107  14:44  Marine x3  
  111  14:57  Marauder  
  113  15:01  Marine  
  114  15:13  Thor  
  120  15:18  Marauder  
  120  15:37  Marine x3  
  120  15:38  Marine  
  120  15:39  Marauder  
  120  15:41  Battlecruiser x2  
  135  15:55  Marine x2  
  135  15:56  Thor  
  140  16:01  Marauder  
  138  16:16  Terran Infantry Weapons Level 3  
  138  16:18  Rapid Reignition System  
  133  16:20  Terran Vehicle Weapons Level 2  
  133  16:22  Terran Infantry Armor Level 3, Marauder  
  135  16:42  Marine x4  
  135  16:43  Marine  
  135  16:44  Command Center  
  140  17:00  Marine x2  
  141  17:24  Missile Turret  
  141  17:30  Missile Turret  
  124  18:18  Marine x4  
  124  18:19  Marauder  
  108  18:36  Marine x2  
  108  18:40  Marauder  
  107  18:53  Planetary Fortress  
  107  19:02  Marauder  
  76  20:14  Marine x2  
  76  20:15  Marauder, Marine  
  76  20:16  Thor  
  87  20:53  Marine x3  
  13  22:25  Marine x3  
  13  22:26  Marine x2  
  18  22:42  Battlecruiser  
  18  22:43  Battlecruiser  
  30  22:45  Marine x5  
  35  23:02  Marine  
  35  23:03  Marine x4  
  40  23:20  Marine  
  5  25:42  Orbital Command  
  1  26:07  Orbital Command  
  1  26:29  Viking  
  1  26:30  Viking  
  5  26:52  Marine  
  6  26:54  Marine  
  7  27:05  Marine x3  
  10  27:09  Viking x2  
  10  27:10  Marine  
  10  27:12  Marine  
  10  27:15  SCV  
  17  27:17  SCV  
  16  27:23  Marine x3  
  16  27:28  Marine  
  16  27:29  Orbital Command  
  16  27:30  Marine  
  15  27:40  Marine  
  15  27:41  Marine x2  
  12  27:52  Marine x2  
  14  27:58  Marine  
  15  28:07  Marine  
  15  28:08  Marine  
  15  28:10  Marine x2  
  19  28:16  Marine  
  20  28:25  Marine  
  7  28:53  Marine x2  
  7  28:54  Marine x3  
  12  28:57  Viking x2  
  22  29:11  Marine x3  
  22  29:12  Marine x2  
  27  29:21  SCV  
Tags
 
Add a new tag
Caveats
  • Supply blocks, unpowered buildings, or Contaminate may cause inaccurate times.
  • Supply counts are checked every 10 seconds.